 Dungeon Crawl Stone Soup version 0.27.0-66-gdc8fb28755 (webtiles) character file.

Game seed: 14539640977266469774

62738 robertstho the Carver (level 14, 0/146 HPs)
             Began as a Troll Delver on Aug 19, 2021.
             Was the Champion of Okawaru.
             Slain by a sun demon (3 damage)
             ... summoned by Frances
             ... on level 12 of the Dungeon.
             The game lasted 00:32:06 (18217 turns).

robertstho the Carver (Troll Delver)               Turns: 18217, Time: 00:32:07

Health: 0/146      AC:  8    Str: 35    XL:     14   Next: 65%
Magic:  20/20      EV: 10    Int: 12    God:    Okawaru [******]
Gold:   876        SH:  0    Dex: 12    Spells: 13/13 levels left

rFire    + + .     SeeInvis +   k - +2 triple sword (holy)
rCold    x . .     Faith    .   (shield currently unavailable)
rNeg     . . .     Spirit   .   q - +8 fire dragon scales of Starshine {rF++ rC- Int+6 Stlth-}
rPois    +         Reflect  .   Z - +1 hat {Stlth+}
rElec    .         Harm     .   z - +2 cloak
rCorr    .         Rampage  +   (gloves unavailable)
Will     +....                  (boots unavailable)
Stlth    +.........             l - amulet "Baec" {Acrobat Rampage rPois Str+3}
HPRegen  1.34/turn              y - +6 ring of strength
MPRegen  0.17/turn              t - ring of see invisible

@: corroded
A: large, unfitting armour, claws 3, regeneration 1, shaggy fur 1, tough skin 1
a: Renounce Religion, Heroism, Finesse


You were on level 12 of the Dungeon.
You worshipped Okawaru.
Okawaru was exalted by your worship.
You visited 4 branches of the dungeon, and saw 21 of its levels.
You also visited: Bailey.

You collected 1651 gold pieces.
You spent 775 gold pieces at shops.

Inventory:

Hand Weapons
 k - a +2 triple sword of holy wrath (weapon)
 I - the +2 great sword "Koateid" {vorpal, rElec rC++ Str+3}
   (You bought it in a shop on level 1 of the Orcish Mines)

   It inflicts extra damage upon your enemies.
   Str:       It affects your strength (+3).
   rC:        It greatly protects you from cold.
   rElec:     It insulates you from electricity.
 L - a +0 great sword of flaming
Missiles
 D - a throwing net (quivered)
Armour
 q - the +8 fire dragon scales of Starshine (worn) {rF++ rC- Int+6 Stlth-}
   (You acquired it on level 12 of the Dungeon)

   Int:       It affects your intelligence (+6).
   rF:        It greatly protects you from fire.
   rC:        It makes you vulnerable to cold.
   Stlth:     It makes you less stealthy.
 z - a +2 cloak (worn)
 G - quicksilver dragon scales
 W - the +2 shield of Resistance {rF++ rC++ Will++}
   (You found it on level 5 of the Lair of Beasts)

   rF:        It greatly protects you from fire.
   rC:        It greatly protects you from cold.
   Will:      It greatly increases your willpower.
 Y - the +8 tower shield "Veneaz" {rElec rPois rF+ rCorr Str+4}
   (You bought it in a shop on level 11 of the Dungeon)

   Str:       It affects your strength (+4).
   rF:        It protects you from fire.
   rElec:     It insulates you from electricity.
   rPois:     It protects you from poison.
   rCorr:     It protects you from acid and corrosion.
 Z - a +1 hat of stealth (worn)
Jewellery
 d - a ring of poison resistance
 l - the amulet "Baec" (around neck) {Acrobat Rampage rPois Str+3}
   (You acquired it on level 2 of the Dungeon)

   [amulet of the acrobat]

   It increases your evasion while moving and waiting.
   Str:       It affects your strength (+3).
   rPois:     It protects you from poison.
   Rampage:   It bestows one free step when moving towards enemies.
 m - a ring of ice
 t - a ring of see invisible (right claw)
 y - a +6 ring of strength (left claw)
 B - a +4 ring of evasion
 J - a +4 ring of protection
 K - a ring of resist corrosion
 R - a ring of protection from fire
Wands
 f - a wand of digging (3)
 j - a wand of acid (5)
 A - a wand of flame (17)
 C - a wand of paralysis (7)
 M - a wand of polymorph (5)
 S - a wand of iceblast (11)
Scrolls
 a - 6 scrolls of immolation
 b - 5 scrolls of fog
 c - 2 scrolls of magic mapping
 g - a scroll of fear
 h - 4 scrolls of vulnerability
 i - 2 scrolls of enchant armour
 x - 3 scrolls of teleportation
 E - 2 scrolls of silence
 V - 6 scrolls of identify
Potions
 e - 6 potions of haste
 n - 4 potions of flight
 o - a potion of cancellation
 p - 4 potions of brilliance
 r - 4 potions of curing
 v - a potion of berserk rage
 w - a potion of resistance
 F - 4 potions of mutation
 H - 2 potions of might
 T - a potion of heal wounds
Miscellaneous
 O - a box of beasts


   Skills:
 * Level 11.6 Fighting
 + Level 12.5 Long Blades
 + Level 5.7 Armour
 + Level 6.1 Dodging
 - Level 4.4 Stealth
 + Level 7.0 Unarmed Combat
 * Level 9.8 Invocations
 + Level 0.9 Evocations


You had 13 spell levels left.
You didn't know any spells.
Your spell library contained the following spells:

 Spells                   Type           Power      Damage    Failure   Level
 Corona                   Hex            0%         N/A       56%         1
 Shock                    Conj/Air       0%         1d3       56%         1
 Ensorcelled Hibernation  Hex/Ice        0%         N/A       71%         2
 Slow                     Hex            0%         N/A       71%         2
 Call Canine Familiar     Summ           0%         N/A       90%         3
 Confusing Touch          Hex            0%         N/A       90%         3
 Dazzling Flash           Conj/Hex       0%         N/A       90%         3
 Frozen Ramparts          Ice            0%         1d2       90%         3
 Inner Flame              Hex/Fire       0%         N/A       90%         3
 Portal Projectile        Hex/Tloc       0%         N/A       90%         3
 Swiftness                Air            0%         N/A       90%         3
 Tukima's Dance           Hex            0%         N/A       90%         3
 Vampiric Draining        Necr           0%         2d6       90%         3
 Airstrike                Air            0%         N/A       100%        4
 Cause Fear               Hex            0%         N/A       100%        4
 Fulminant Prism          Conj/Hex       0%         3d6       100%        4
 Ice Form                 Ice/Tmut       0%         N/A       100%        4
 Iskenderun's Mystic Bla  Conj/Tloc      0%         2d3       100%        4
 Leda's Liquefaction      Hex/Erth       0%         N/A       100%        4
 Summon Ice Beast         Ice/Summ       0%         N/A       100%        4
 Agony                    Necr           0%         N/A       100%        5
 Lee's Rapid Deconstruct  Erth           0%         3d5*      100%        5
 Silence                  Hex/Air        0%         N/A       100%        5
 Shadow Creatures         Summ           N/A        N/A       100%        6
 Discord                  Hex            0%         N/A       100%        8
 Dragon's Call            Summ           0%         N/A       100%        9


Dungeon Overview and Level Annotations

Branches:
Dungeon (12/15)            Temple (1/1) D:4            Lair (6/6) D:8
  Swamp (0/4) Lair:4       Spider (0/4) Lair:3        Slime (0/5) Lair:6
    Orc (2/2) D:9          Bailey (visited)
    Elf: Orc:2

Altars:
Cheibriados
Dithmenos
Elyvilon
Fedhas
Gozag
Kikubaaqudgha
Makhleb
Nemelex Xobeh
Okawaru
Qazlal
Ru
Sif Muna
Trog
Uskayaw
Vehumet
Wu Jian
Xom
Yredelemnul
Zin
The Shining One
Jiyva

Shops:
D:1 *   D:4 !=   D:6 *   D:11 [   Orc:1 (   Orc:2 ?

Annotations:
D:12 Frances


Innate Abilities, Weirdness & Mutations

You are too large for most types of armour.
You have claws for hands.
Your natural rate of healing is unusually fast.
You are covered in fur. (AC +1)
You have tough skin. (AC +1)


Message History

You rampage towards the sun demon!
Frances hits you with a +0 battleaxe. The sun demon completely misses you.
You slice Frances!!
Frances is moderately wounded.
Frances hits you with a +0 battleaxe! The sun demon hits you!
You are engulfed in flames.
You resist. The rust devil hits you. The rust devil corrodes you!
Frances hits you but does no damage.
You slice Frances!!
Frances is moderately wounded.
The sun demon misses you. Frances hits you with a +0 battleaxe!
The rust devil hits you. The rust devil corrodes you!
The sun demon barely misses you.
You slice Frances!!
Frances is heavily wounded.
The sun demon hits you!
You are engulfed in flames.
You resist. Frances hits you with a +0 battleaxe! The rust devil hits you.
The rust devil corrodes you!
Unknown command.
You slice Frances!!
Frances is almost dead.
The sun demon barely misses you. Frances hits you with a +0 battleaxe!!
The rust devil barely misses you. The sun demon hits you.
You are engulfed in flames.
You resist. Frances hits you with a +0 battleaxe.
The rust devil barely misses you.
You closely miss Frances.
Frances is almost dead.
The sun demon barely misses you.
You riposte.
You barely miss the sun demon. Frances hits you with a +0 battleaxe!
The rust devil hits you. The rust devil corrodes you!
You hit Frances.
Frances is almost dead.
The sun demon hits you but does no damage.
Frances hits you with a +0 battleaxe!!
* * * LOW HITPOINT WARNING * * *
The rust devil hits you.
* * * LOW HITPOINT WARNING * * *
The rust devil corrodes you! The sun demon hits you!
* * * LOW HITPOINT WARNING * * *
You are engulfed in flames.
You resist.
You die...

### ##########
#..
#.........#
+.##
+.........#
#..
#.........#
#.# ##
#......43@#
#.# .#
#.......@.#
#)#####.+
#.........+
#.)...#.#
#.........#
#####.#.#
#.........#
#.......#
#.........#
######'##
######'####
#...# ####
#..<#
####'#### ...#
##.###
#.......# ...#
#..#
###.......####


You could see Frances, a sun demon (summoned) and a rust devil (summoned).

Vanquished Creatures
  The ghost of Luam the Spear-Bearer, a journeyman OpFi of Cheibriados (Lair:5)
  7 hydras
  2 boulder beetles
  3 catoblepae (Lair:6)
  A death knight (D:11)
  A centaur warrior (D:11)
  11 death yaks
  A two-headed ogre (D:10)
  A skeletal warrior (D:11)
  A bog body (Lair:4)
  2 deep elf pyromancers (D:12)
  A phantasmal warrior (D:11)
  An orc knight (Bailey)
  A necromancer (D:12)
  2 lindwurms
  3 manticores
  4 oklob plants
  An ugly thing (D:11)
  3 elephants (Lair:6)
  A cyclops (D:11)
  3 black mambas
  An unseen horror (D:10)
  2 centaur skeletons (D:12)
  3 rime drakes (Lair:2)
  17 cane toads
  10 komodo dragons
  2 kobold demonologists (Bailey)
  2 trolls
  5 polar bears
  A harpy zombie (D:12)
  3 blink frogs (Lair:1)
  14 dream sheep (Lair:6)
  2 wraiths (D:11)
  6 wyverns
  2 shadows
  49 yaks
  Grum (D:8)
  3 vampire mosquitoes (D:12)
  4 basilisks
  2 steam dragons
  Menkaure (D:6)
  28 water moccasins
  2 hornet zombies
  26 orc warriors
  3 black bears (D:8)
  8 ogres
  10 wolves
  7 centaurs
  A phantom (D:4)
  3 kobold brigands
  13 bullfrogs
  A wyvern zombie (D:7)
  A scorpion (D:5)
  A gnoll sergeant (D:9)
  A water moccasin skeleton (D:4)
  4 killer bees (D:9)
  3 wights (D:9)
  6 electric eels
  2 howler monkeys
  2 centaur zombies
  A hound (D:5)
  2 gnoll shamans (D:7)
  2 jellies
  15 orc priests
  A bullfrog skeleton (D:5)
  19 orc wizards
  3 iguanas
  A hound skeleton (D:5)
  A howler monkey zombie (D:10)
  23 gnolls
  22 adders
  2 white imps
  An ufetubus (D:5)
  3 worms
  2 dart slugs
  62 orcs
  5 bats
  3 endoplasms (D:1)
  4 giant cockroaches
  13 goblins
  13 hobgoblins
  2 jackals (D:4)
  5 quokkas
  7 ball pythons
  5 frilled lizards
  33 kobolds
  5 rats
558 creatures vanquished.

Vanquished Creatures (others)
  A swamp drake (Lair:1)
  An adder (Lair:1)
  A kobold (D:8)
  48 fungi
  95 plants
146 creatures vanquished.

Grand Total: 704 creatures vanquished

Notes
Turn   | Place    | Note
-------+----------+-------------------------------------------
     0 | D:5      | robertstho the Troll Delver began the quest for the Orb.
     0 | D:5      | Reached XP level 1. HP: 22/22 MP: 0/0
     9 | D:5      | Noticed a hound
    17 | D:5      | Killed a hound
    18 | D:5      | Reached XP level 2. HP: 25/29 MP: 1/1
    18 | D:5      | Reached XP level 3. HP: 31/36 MP: 2/2
    91 | D:5      | Noticed an ogre
    99 | D:5      | Killed an ogre
   100 | D:5      | Reached XP level 4. HP: 37/45 MP: 3/3
   119 | D:5      | Noticed a centaur
   126 | D:5      | Reached XP level 5. HP: 39/53 MP: 4/4
   132 | D:5      | Killed a centaur
   151 | D:5      | Noticed an ogre
   159 | D:5      | Killed an ogre
   160 | D:5      | Reached XP level 6. HP: 35/61 MP: 5/5
   414 | D:5      | Reached XP level 7. HP: 67/67 MP: 6/6
   672 | D:5      | Reached skill level 5 in Unarmed Combat
   982 | D:4      | Found Xeimusum's Jewellery Shoppe.
  1377 | D:4      | Found a staircase to the Ecumenical Temple.
  1402 | Temple   | Entered the Ecumenical Temple
  1444 | Temple   | Became a worshipper of Warmaster Okawaru
  1645 | D:4      | Reached XP level 8. HP: 72/78 MP: 7/7
  1771 | D:4      | Found Faguj's Distillery.
  1779 | D:4      | Bought a potion of heal wounds for 50 gold pieces
  1779 | D:4      | Bought a potion of degeneration for 10 gold pieces
  1779 | D:4      | Bought a potion of curing for 30 gold pieces
  2190 | D:3      | Found a white marble altar of Elyvilon.
  2191 | D:3      | Found a glowing silver altar of Zin.
  2192 | D:3      | Found a blossoming altar of Fedhas.
  2196 | D:3      | Found a stormy altar of Qazlal.
  3450 | D:1      | Found Efongerph's General Store.
  3457 | D:1      | Bought a scroll of immolation for 45 gold pieces
  3457 | D:1      | Bought a scroll of teleportation for 39 gold pieces
  3952 | D:1      | Found a faded altar of an unknown god.
  4442 | D:2      | Identified 2 scrolls of acquirement
  4446 | D:2      | Acquired a +0 triple sword of holy wrath
  4448 | D:2      | Acquired the amulet "Baec" {Acrobat Rampage rPois Str+3}
  4767 | D:6      | Reached skill level 1 in Invocations
  4874 | D:6      | Noticed Menkaure
  4879 | D:6      | Killed Menkaure
  4884 | D:6      | Reached skill level 1 in Long Blades
  4958 | D:6      | Found Ticum's Assorted Antiques.
  5214 | D:6      | Found an ancient bone altar of Kikubaaqudgha.
  5217 | D:6      | Found a shimmering blue altar of Sif Muna.
  5220 | D:6      | Found an ornate altar of the Wu Jian Council.
  5223 | D:6      | Found a glowing golden altar of the Shining One.
  5640 | D:7      | Reached skill level 2 in Long Blades
  5859 | D:7      | Noticed a six-headed hydra
  5915 | D:7      | Reached * piety under Okawaru
  5920 | D:7      | Reached XP level 9. HP: 65/87 MP: 9/9
  5926 | D:7      | Reached skill level 3 in Long Blades
  6104 | D:8      | Reached skill level 5 in Fighting
  6298 | D:8      | Reached skill level 4 in Long Blades
  6301 | D:8      | Found a staircase to the Lair.
  6370 | D:8      | Reached ** piety under Okawaru
  6455 | D:8      | Reached skill level 5 in Long Blades
  7341 | D:8      | Noticed Grum
  7348 | D:8      | Killed Grum
  7349 | D:8      | Reached XP level 10. HP: 79/98 MP: 12/12
  7473 | D:9      | Found a flagged portal.
  7490 | Bailey   | Entered a bailey
  7501 | Bailey   | Reached *** piety under Okawaru
  7545 | Bailey   | Found an iron altar of Okawaru.
  7554 | Bailey   | Reached skill level 6 in Long Blades
  7880 | Bailey   | Got the Compendium of the Escort
  8066 | Bailey   | Noticed an orc knight
  8136 | Bailey   | Killed an orc knight
  8137 | Bailey   | Reached skill level 5 in Invocations
  8179 | Bailey   | Acquired a ring of poison resistance
  8249 | Bailey   | Reached **** piety under Okawaru
  8250 | Bailey   | Reached skill level 7 in Long Blades
  8808 | D:9      | Found an opulent altar of Gozag.
  8861 | D:9      | Reached skill level 1 in Armour
  9175 | D:9      | Reached XP level 11. HP: 81/109 MP: 14/14
  9212 | D:9      | Found a staircase to the Orcish Mines.
  9221 | Orc:1    | Entered Level 1 of the Orcish Mines
  9342 | Orc:1    | Found Myeqe's Antique Weapon Shoppe.
  9366 | Orc:1    | Bought a steaming great sword for 345 gold pieces
  9366 | Orc:1    | Identified the +2 great sword "Koateid" {vorpal, rElec rC++
                  | Str+3} (You bought it in a shop on level 1 of the Orcish
                  | Mines)
  9529 | Orc:2    | Entered Level 2 of the Orcish Mines
  9530 | Orc:2    | Found Aheiwess's Magic Scroll Boutique.
  9539 | Orc:2    | Received a gift from Okawaru
  9558 | Orc:2    | Noticed an orc sorcerer
  9677 | Lair:1   | Entered Level 1 of the Lair of Beasts
  9740 | Lair:1   | Reached ***** piety under Okawaru
  9808 | Lair:1   | Reached skill level 8 in Long Blades
 10138 | Lair:1   | Received a gift from Okawaru
 10528 | Lair:1   | Reached skill level 9 in Long Blades
 10669 | Lair:2   | Reached XP level 12. HP: 122/122 MP: 14/16
 10721 | Lair:2   | Reached skill level 5 in Dodging
 10895 | Lair:2   | Noticed a six-headed hydra
 10906 | Lair:2   | Killed a one-headed hydra
 10992 | Lair:2   | Received a gift from Okawaru
 11180 | Lair:2   | Noticed a seven-headed hydra
 11188 | Lair:2   | Killed a three-headed hydra
 11189 | Lair:2   | Reached skill level 10 in Long Blades
 11233 | Lair:2   | Noticed an eight-headed hydra
 11238 | Lair:2   | Killed a six-headed hydra
 11469 | Lair:2   | Noticed a death yak
 11470 | Lair:2   | Noticed a death yak
 11471 | Lair:2   | Noticed a death yak
 11472 | Lair:2   | Noticed a death yak
 11473 | Lair:2   | Noticed a death yak
 11474 | Lair:2   | Noticed a death yak
 11481 | Lair:2   | Killed a death yak
 11485 | Lair:2   | Killed a death yak
 11487 | Lair:2   | Killed a death yak
 11489 | Lair:2   | Killed a death yak
 11497 | Lair:2   | Killed a death yak
 11503 | Lair:2   | Killed a death yak
 11503 | Lair:2   | Reached ****** piety under Okawaru
 11503 | Lair:2   | Identified the +0 robe "Gyssylud" {Regen+} (Okawaru gifted
                  | it to you on level 2 of the Lair of Beasts)
 11503 | Lair:2   | Received a gift from Okawaru
 11510 | Lair:2   | Reached XP level 13. HP: 48/132 MP: 17/17
 12215 | Lair:3   | Found a stormy altar of Qazlal.
 12296 | Lair:3   | Found a hole to the Spider Nest.
 12548 | Lair:3   | Identified the +8 chain mail of Beogh's Delight {+Inv rF+
                  | rN+ Str+3}
 12723 | Lair:4   | Reached skill level 10 in Fighting
 12906 | Lair:4   | You fall into a shaft and drop 2 floors!
 12906 | Lair:6   | Entered Level 6 of the Lair of Beasts
 13099 | Lair:6   | Reached skill level 11 in Long Blades
 13144 | Lair:6   | Identified the +11 mace of Arrival {pain, Int+2 Dex+3 SInv
                  | Stlth+}
 13816 | Lair:6   | Received a gift from Okawaru
 14006 | Lair:6   | Found a viscous altar of Jiyva.
 14006 | Lair:6   | Found a staircase to the Slime Pits.
 14048 | Lair:6   | Reached skill level 5 in Armour
 14366 | Lair:6   | Received a gift from Okawaru
 14366 | Lair:6   | Found the +8 whip "Snakebite" {venom, curare, rPois}
 14367 | Lair:6   | Reached XP level 14. HP: 74/144 MP: 19/19
 14427 | Lair:6   | Identified the +8 morningstar of Exquisite Death {vorpal,
                  | Str+4}
 15119 | Lair:5   | Found a large runed translucent door.
 15119 | Lair:5   | Found a large runed translucent door.
 15120 | Lair:5   | Found the +2 shield of Resistance {rF++ rC++ Will++}
 15120 | Lair:5   | Noticed Luam's ghost (journeyman OpFi)
 15406 | Lair:4   | Found a staircase to the Swamp.
 15619 | Lair:4   | Reached skill level 12 in Long Blades
 16058 | Lair:5   | Killed Luam's ghost
 16354 | D:10     | Entered Level 10 of the Dungeon
 16516 | D:10     | Found a burning altar of Makhleb.
 16516 | D:10     | Noticed a balrug
 17206 | D:11     | Received a gift from Okawaru
 17294 | D:11     | Identified the amulet of Elyvilon's Favour {RegenMP
                  | Rampage}
 17739 | D:11     | Found Cucs's Antique Armour Shop.
 17750 | D:11     | Bought a transparent tower shield for 256 gold pieces
 17750 | D:11     | Identified the +8 tower shield "Veneaz" {rElec rPois rF+
                  | rCorr Str+4} (You bought it in a shop on level 11 of the
                  | Dungeon)
 17972 | D:12     | Received a gift from Okawaru
 18095 | D:12     | Acquired the +8 fire dragon scales of Starshine {rF++ rC-
                  | Int+6 Stlth-}
 18208 | D:12     | Noticed Frances
 18217 | D:12     | HP: 3/146 [sun demon[Frances] (11)]
 18217 | D:12     | Slain by a sun demon

Illustrated notes

Levels and vault maps discovered:
D:1:      minmay_arrival_widening_spiral_wide, layout_basic,
          shapermc_ecumenical_altar_pompeii, serial_shops, shop,
          kennysheep_another_room, chequers_serial_rivers_marsh
D:2:      layout_basic, chequers_arboretum
D:3:      layout_basic, minitemple, wander_ebering_terrifying_dragon_lair
D:4:      kennysheep_kobold_camp, layout_basic, minmay_temple_entry_sparse_star,
          serial_shops, nicolae_take_the_stairs, shop_fountains
D:5:      kennysheep_spiral_hall, layout_gridville, wad_floor_pattern_untrapped
D:6:      layout_cave_pods, grunt_temple_overflow_cloverleaf, serial_shops,
          nicolae_square_shop, uniq_menkaure
D:7:      layout_rooms, chequers_garden
D:8:      layout_basic, due_lair_maze_entry_diamond, uniq_grum
D:9:      layout_stronghold, mainiacjoe_overflow_surrounded_room, erik_orc_2,
          enter_bailey_4, lightli_corner_chamber
D:10:     layout_loops_ring, makhleb_altar_promises_db
D:11:     layout_basic, serial_shops, nicolae_shop_crystal
D:12:     layout_roguey, uniq_frances, uniq_snorg
Temple:   nicolae_temple_hex_pool
Lair:1:   lemuel_reptile_caves, layout_regular_city, minmay_stone_trees_small,
          lemuel_fruit_fields, lemuel_fruit_fields, lemuel_fruit_tree
Lair:2:   layout_regular_city, minmay_lair_oklob_chamber, grunt_megastairs_2
Lair:3:   layout_cave_pods, dummy_spider_entry, lemuel_oklob_altar
Lair:4:   layout_loops_ring, skrybe_swamp_entry_bodies, serial_bayou_shore_b
Lair:5:   layout_gridlike, ebering_ghost_disaster_area
Lair:6:   evilmike_catoblepas_cave, layout_layer_cave,
          dpeg_slime_entry_enclosed_altar, grunt_megastairs_1
Orc:1:    layout_caves, basic_altar, serial_shops, shop, shop
Orc:2:    st_orc_mages, layout_caves, serial_shops, shop,
          gauntlet_entry_generic, uniq_josephine

Skill      XL: |  1  2  3  4  5  6  7  8  9 10 11 12 13 14 |
---------------+-------------------------------------------+-----
Stealth        | 3 4 |  4.4
Fighting       | 3 4 6 7 8 9 10 11 | 11.6
Unarmed Combat | 3 4 6 7 |  7.0
Dodging        | 2 3 4 5 6 |  6.1
Invocations    | 2 4 5 6 7 9 |  9.8
Long Blades    | 2 5 7 9 10 11 12 | 12.5
Armour         | 1 3 4 5 |  5.7
Evocations     | |  0.9

Action                   |  1- 3 |  4- 6 |  7- 9 | 10-12 | 13-15 || total
-------------------------+-------+-------+-------+-------+-------++-------
Melee: Unarmed           |    15 |    41 |   214 |       |       ||   270
       Punch             |       |       |     4 |       |       ||     4
       Triple sword      |       |       |   243 |   248 |    63 ||   554
       Great sword       |       |       |       |   361 |   450 ||   811
Invok: Heroism           |       |       |     2 |     9 |     6 ||    17
Evoke: Wand              |       |       |     4 |     8 |     3 ||    15
       Box of beasts     |       |       |       |       |     1 ||     1
  Use: Scroll            |       |       |     8 |     6 |    13 ||    27
       Potion            |       |       |     3 |     2 |     1 ||     6
 Stab: Sleeping          |       |     2 |    26 |     1 |     7 ||    36
       Distracted        |       |       |       |       |     1 ||     1
Armor: Robe              |     6 |    18 |   229 |    26 |       ||   279
       Quicksilver drago |       |       |       |   353 |   343 ||   696
       Fire dragon scale |       |       |       |       |     6 ||     6
Dodge: Dodged            |     8 |    26 |   388 |   696 |   355 ||  1473
       Rpst.: Triple sword |       |       |    84 |   113 |     9 ||   206
       Great sword       |       |       |       |   104 |    73 ||   177
